 Dungeon Crawl Stone Soup version 0.29-a0-284-gf9362112df (webtiles) character file.

Game seed: 16748436497894451213

66 being54 the Insei (level 4, -4/34 HPs)
             Began as a Gnoll Transmuter on Mar 23, 2022.
             Killed by nerve-wracking pain
             ... invoked by an orc priest
              (9 damage)
             ... on level 3 of the Dungeon.
             The game lasted 00:04:30 (2201 turns).

being54 the Insei (Gnoll Transmuter)                Turns: 2201, Time: 00:04:30

Health: -4/34      AC:  2    Str: 12    XL:     4   Next: 15%
Magic:  11/11      EV: 13    Int: 12    God:
Gold:   125        SH:  0    Dex: 12    Spells: 10/13 levels left

rFire   . . .      SeeInvis .     - Unarmed
rCold   . . .      Faith    .   (no shield)
rNeg    . . .      Spirit   .   a - +0 robe
rPois   .          Reflect  .   (helmet currently unavailable)
rElec   .          Harm     .   (no cloak)
rCorr   .          Rampage  .   (no gloves)
Will    .....                   (boots currently unavailable)
Stlth   ++........              c - amulet of magic regeneration
HPRegen 0.11/turn               (no ring)
MPRegen 0.52/turn               (no ring)

@: appendages, wereblooded
A: horns 2, talons 2, fangs 1, strong nose, distributed training
a: End Transformation


You were on level 3 of the Dungeon.
You had temporarily grown beastly horns and talons.
You visited 1 branch of the dungeon, and saw 3 of its levels.

You collected 125 gold pieces.

Inventory:

Armour
 a - a +0 robe (worn)
Jewellery
 c - an amulet of magic regeneration (around neck)
 e - a ring of ice
 f - a +4 ring of evasion
Potions
 b - 2 potions of lignification
 g - a potion of magic
 h - a potion of curing {unknown}
 i - a potion of mutation {unknown}


   Skills:
 + Level 2.7 Fighting
 + Level 1.0 Short Blades
 + Level 1.0 Long Blades
 + Level 1.0 Axes
 + Level 1.0 Maces & Flails
 + Level 1.0 Polearms
 + Level 1.0 Staves
 + Level 1.0 Slings
 + Level 1.0 Bows
 + Level 1.0 Crossbows
 + Level 1.0 Throwing
 + Level 1.0 Armour
 + Level 4.6 Dodging
 + Level 1.0 Stealth
 + Level 1.0 Shields
 + Level 6.6 Unarmed Combat
 + Level 5.0 Spellcasting
 + Level 0.8 Conjurations
 + Level 0.8 Hexes
 + Level 0.8 Summonings
 + Level 0.8 Necromancy
 + Level 0.8 Translocations
 + Level 3.8 Transmutations
 + Level 0.8 Fire Magic
 + Level 0.8 Ice Magic
 + Level 0.8 Air Magic
 + Level 0.8 Earth Magic
 + Level 0.8 Poison Magic
 + Level 1.1 Invocations
 + Level 1.0 Evocations


You had 10 spell levels left.
You knew the following spells:

 Your Spells              Type           Power      Damage    Failure   Level
a - Beastly Appendage     Tmut           24%        N/A       4%          1
b - Wereblood             Tmut           12%        N/A       6%          2

Your spell library contained the following spells:

 Spells                   Type           Power      Damage    Failure   Level
 Spider Form              Tmut/Pois      8%         N/A       22%         3
 Ice Form                 Ice/Tmut       8%         N/A       58%         4


Dungeon Overview and Level Annotations

Branches:
Dungeon (3/15)

Altars:


Innate Abilities, Weirdness & Mutations

You have temporarily grown beastly horns and talons.
You have very sharp teeth.
Your uncanny sense of smell can sniff out nearby items.
Your experience applies equally to all skills.


Message History

You climb downwards.
The orc shouts! x3; You hear a shout!
Found 18 gold pieces.
There is a stone staircase leading up here.
There are monsters nearby!
Casting: Beastly Appendage (safe; 4% risk of failure)
Confirm with . or Enter, or press ? or * to list all spells.
You grow a pair of large bovine horns.
Your feet morph into talons.
The orc priest shouts!
Casting: Beastly Appendage (safe; 4% risk of failure)
Confirm with . or Enter, or press ? or * to list all spells.
Your blood is infused with primal strength.
An ogre comes into view. It is wielding a +0 giant club.
The orc barely misses you.
Unknown command.
You hit the orc. Your kick misses the orc.
The orc is lightly wounded.
You closely miss the orc. You claw the orc, but do no damage. You bite the orc.
The orc is moderately wounded.
The orc hits you with a +0 war axe.
You barely miss the orc. You punch the orc. Your bite misses the orc.
The orc is almost dead.
The orc misses you.
You closely miss the orc. Your headbutt misses the orc.
You bite the orc, but do no damage. The orc barely misses you.
The orc hits you with a +0 war axe! The orc misses you.
You hit the orc but do no damage. You claw the orc, but do no damage.
Your headbutt misses the orc. The orc closely misses you.
The orc barely misses you. The orc misses you.
You hit the orc but do no damage. You claw the orc.
Your headbutt misses the orc.
The orc is heavily wounded.
The orc closely misses you. The ogre hits you with a +0 giant club!
* * * LOW HITPOINT WARNING * * *
The orc hits you with a +0 war axe.
* * * LOW HITPOINT WARNING * * *
The orc hits you but does no damage.
The orc priest invokes the aid of Beogh against you.
Pain shoots through your body!
You die...

#.## #...
###... ....#
#...#
#.###...###.#
#.....ooo...#
#.o@# #.O$#
......#
###....#
#..... #..#.#
...$..
....###


You could see an ogre, an orc priest and 3 orcs.

Vanquished Creatures
  3 adders (D:2)
  3 worms (D:2)
  3 bats
  2 endoplasms
  A giant cockroach (D:1)
  A goblin (D:1)
  6 hobgoblins
  A quokka (D:1)
  6 ball pythons
  A frilled lizard (D:1)
  2 kobolds
  4 rats
33 creatures vanquished.

Vanquished Creatures (others)
  A fungus (D:1)
1 creature vanquished.

Grand Total: 34 creatures vanquished

Notes
Turn   | Place    | Note
-------+----------+-------------------------------------------
     0 | D:1      | being54 the Gnoll Transmuter began the quest for the Orb.
     0 | D:1      | Reached XP level 1. HP: 17/17 MP: 6/6
   210 | D:1      | Reached XP level 2. HP: 18/23 MP: 7/7
   291 | D:1      | Learned a level 2 spell: Wereblood
   957 | D:1      | Found a faded altar of an unknown god.
  1046 | D:2      | Reached skill level 5 in Spellcasting
  1046 | D:2      | Reached XP level 3. HP: 12/28 MP: 7/9
  1381 | D:2      | Reached skill level 1 in Invocations
  1612 | D:2      | Reached skill level 1 in Short Blades
  1612 | D:2      | Reached skill level 1 in Long Blades
  1612 | D:2      | Reached skill level 1 in Axes
  1612 | D:2      | Reached skill level 1 in Maces & Flails
  1612 | D:2      | Reached skill level 1 in Polearms
  1612 | D:2      | Reached skill level 1 in Staves
  1612 | D:2      | Reached skill level 1 in Slings
  1612 | D:2      | Reached skill level 1 in Bows
  1612 | D:2      | Reached skill level 1 in Crossbows
  1612 | D:2      | Reached skill level 1 in Throwing
  1612 | D:2      | Reached skill level 1 in Armour
  1612 | D:2      | Reached skill level 1 in Stealth
  1612 | D:2      | Reached skill level 1 in Shields
  1612 | D:2      | Reached skill level 1 in Evocations
  2088 | D:2      | Reached XP level 4. HP: 34/34 MP: 11/11
  2195 | D:3      | Noticed an ogre
  2201 | D:3      | Killed from afar by an orc priest

Illustrated notes

Levels and vault maps discovered:
D:1:      dpeg_arrival_rhombi, layout_rooms, shapermc_ecumenical_altar_petra
D:2:      layout_basic
D:3:      layout_loops_ring, nicolae_sif_muna_little_library,
          old_standard_altar, kennysheep_slug_shrine, fountainhead

Skill      XL: |  1  2  3 |
---------------+----------+-----
Spellcasting   | 5 |  5.0
Invocations    | 1 |  1.1
Short Blades   | 1 |  1.0
Long Blades    | 1 |  1.0
Axes           | 1 |  1.0
Maces & Flails | 1 |  1.0
Polearms       | 1 |  1.0
Staves         | 1 |  1.0
Slings         | 1 |  1.0
Bows           | 1 |  1.0
Crossbows      | 1 |  1.0
Throwing       | 1 |  1.0
Armour         | 1 |  1.0
Stealth        | 1 |  1.0
Shields        | 1 |  1.0
Evocations     | 1 |  1.0
Fighting       | |  2.7
Dodging        | |  4.6
Unarmed Combat | |  6.6
Conjurations   | |  0.8
Hexes          | |  0.8
Summonings     | |  0.8
Necromancy     | |  0.8
Translocations | |  0.8
Transmutations | |  3.8
Fire Magic     | |  0.8
Ice Magic      | |  0.8
Air Magic      | |  0.8
Earth Magic    | |  0.8
Poison Magic   | |  0.8

Action                   |  1- 3 |  4- 6 || total
-------------------------+-------+-------++-------
Melee: Unarmed           |    91 |    13 ||   104
       Kick              |    12 |     5 ||    17
       Headbutt          |     7 |     1 ||     8
       Punch             |     3 |     1 ||     4
       Bite              |     5 |     3 ||     8
 Cast: Beastly Appendage |    15 |     1 ||    16
       Wereblood         |     2 |     1 ||     3
  Use: Scroll            |     1 |     1 ||     2
 Stab: Sleeping          |     1 |       ||     1
Armor: Robe              |    12 |     1 ||    13
Dodge: Dodged            |    67 |    10 ||    77

Table legend: (Time is in decaauts)
 A = Elapsed time spent in this place.
 B = Non-inter-level travel time spent in this place.
 C = Inter-level travel time spent in this place.
 D = Time resting spent in this place.
 E = Time spent auto-exploring this place.
 F = Levels seen in this place.
 G = Mean time per level.
                   A        B        C        D        E       F      G
               +--------+--------+--------+--------+--------+-----+--------+
         Total |   2188 |   2106 |     82 |    406 |   1442 |   3 |  729.3 |
       Dungeon |   2188 |   2106 |     82 |    406 |   1442 |   3 |  729.3 |
               +--------+--------+--------+--------+--------+-----+--------+

Top non-repeatable levels by time:
     D:2: 1173 daAuts
     D:1: 1008 daAuts
     D:3: 7 daAuts
